 Dungeon Crawl Stone Soup version 0.30-a0-210-g01b79a254e (webtiles) character file.

Game seed: 11440771804774531670

3 Iusername the Poker (level 1, -1/16 HPs)
             Began as a Merfolk Gladiator on Oct 4, 2022.
             Succumbed to a kobold's poison
             ... on level 1 of the Dungeon.
             The game lasted 00:00:04 (88 turns).

Iusername the Poker (Merfolk Gladiator)               Turns: 88, Time: 00:00:05

Health: -1/16      AC:  4    Str: 14    XL:     1   Next: 50%
Magic:  1/1        EV: 13    Int:  7    God:
Gold:   8          SH:  0    Dex: 15    Spells: 0/0 levels left

rFire   . . .      SeeInvis .    a - +0 trident
rCold   . . .      Faith    .    (no shield)
rNeg    . . .      Spirit   .    b - +0 leather armour
rPois   .          Reflect  .    c - +0 helmet
rElec   .          Harm     .    (no cloak)
rCorr   .          Rampage  .    (no gloves)
Will    .....                    (no boots)
Stlth   +.........               (no amulet)
HPRegen 0.22/turn                (no ring)
MPRegen 0.07/turn                (no ring)

@: lethally poisoned (-1 -> -19)
A: (nimble swimmer 2), mertail
a: no special abilities


You were on level 1 of the Dungeon.
You visited 1 branch of the dungeon, and saw 1 of its levels.

You collected 8 gold pieces.

Inventory:

Hand Weapons
 a - a +0 trident (weapon)
Missiles
 d - 3 throwing nets (quivered)
 e - a javelin
Armour
 b - a +0 leather armour (worn)
 c - a +0 helmet (worn)
Scrolls
 f - 2 scrolls of identify {unknown}
Potions
 g - a potion of curing {unknown}


   Skills:
 + Level 2.2 Fighting
 + Level 4.1 Polearms
 + Level 2.0 Throwing
 + Level 4.1 Dodging


You couldn't memorise any spells.
You didn't know any spells.
Your spell library was empty.

Dungeon Overview and Level Annotations

Branches:
Dungeon (1/15)

Altars:


Innate Abilities, Weirdness & Mutations

((You are very nimble when in or above water. (Stealth+, EV+, Speed+++)))
Your lower body shifts to a powerful aquatic tail in water.


Message History

You closely miss the kobold. The jackal closely misses you.
The kobold hits you but does no damage.
You are poisoned.
There are monsters nearby!
You hit the jackal.
The jackal is heavily wounded.
You feel very sick. The jackal barely misses you.
The kobold hits you but does no damage. The jackal barely misses you.
There are monsters nearby!
You hit the jackal.
You kill the jackal!
You feel sick. The kobold hits you but does no damage.
There are monsters nearby!
You hit the hobgoblin.
The hobgoblin is moderately wounded.
You feel sick. The hobgoblin closely misses you.
The kobold hits you but does no damage.
You are lethally poisoned!
There is a lethal amount of poison in your body!
You closely miss the hobgoblin.
The hobgoblin is moderately wounded.
You feel very sick. The hobgoblin barely misses you.
The kobold barely misses you.
There is a lethal amount of poison in your body!
You are too injured to fight recklessly!
There is a lethal amount of poison in your body!
There is a lethal amount of poison in your body!
You are too injured to fight recklessly!
There is a lethal amount of poison in your body!
You are too injured to fight recklessly!
Unknown command.
There is a lethal amount of poison in your body!
* * * LOW HITPOINT WARNING * * *
You feel very sick. The hobgoblin barely misses you.
The kobold hits you but does no damage.
You are more poisoned.
You hit the hobgoblin.
The hobgoblin is heavily wounded.
You die...

.. ....##########.
.....Kg@K....>.
#######.#######
####.......####
##.....[.......##
##...............##
#........⌠........#
#...(...⌠>⌠.......#
#........⌠........#
#.................#


You could see a hobgoblin and 2 kobolds.

Vanquished Creatures
  A goblin (D:1)
  A jackal (D:1)
  A frilled lizard (D:1)
3 creatures vanquished.

Notes
Turn   | Place    | Note
-------+----------+-------------------------------------------
     0 | D:1      | Iusername the Merfolk Gladiator began the quest for the
                  | Orb.
     0 | D:1      | Reached XP level 1. HP: 16/16 MP: 1/1
    88 | D:1      | Succumbed to a kobold's poison

Illustrated notes

Levels and vault maps discovered:
D:1:      dpeg_arrival_three_bigger_balls, layout_basic,
          hellmonk_ecumenical_altar_leap_of_faith, minmay_misc_feat_chi

Action                   || total
-------------------------++-------
Melee: Trident           ||     9
Armor: Leather armour    ||     5
Dodge: Dodged            ||     8

Table legend: (Time is in decaauts)
 A = Elapsed time spent in this place.
 B = Non-inter-level travel time spent in this place.
 C = Inter-level travel time spent in this place.
 D = Time resting spent in this place.
 E = Time spent auto-exploring this place.
 F = Levels seen in this place.
 G = Mean time per level.
                   A        B        C        D        E       F      G
               +--------+--------+--------+--------+--------+-----+--------+
         Total |     88 |     88 |      0 |      0 |     74 |   1 |   88.0 |
       Dungeon |     88 |     88 |      0 |      0 |     74 |   1 |   88.0 |
               +--------+--------+--------+--------+--------+-----+--------+

Top non-repeatable levels by time:
     D:1: 88 daAuts
